 Dungeon Crawl Stone Soup version 0.25-a0-413-g3b4b6a4ccc (webtiles) character file.

Game seed: 4355710148692196918, levelgen mode: deterministic

78 Alfie the Shooter (level 4, -5/33 HPs)
             Began as a Human Hunter on Jan 17, 2020.
             Slain by an orc
             ... wielding a cursed +0 flail
              (6 damage)
             ... on level 2 of the Dungeon.
             The game lasted 00:05:04 (829 turns).

Alfie the Shooter (Human Hunter)                     Turns: 829, Time: 00:05:05

Health: -5/33      AC:  3    Str: 15 (18) XL:     4   Next: 61%
Magic:  4/4        EV: 12    Int: 12      God:
Gold:   71         SH:  0    Dex: 14 (15) Spells: 3/3 levels left

rFire    . . .     SeeInvis +   a - +1 shortbow
rCold    . . .     Gourm    .   (shield currently unavailable)
rNeg     . . .     Faith    .   c - +0 leather armour
rPois    .         Spirit   .   (no helmet)
rElec    .         Reflect  .   (no cloak)
rCorr    .         Harm     .   (no gloves)
MR       .....                  (no boots)
Stlth    +.........             (no amulet)
HPRegen  0.11/turn              (no ring)
MPRegen  0.09/turn              (no ring)

@: mighty
A: see invisible, agile 1
a: no special abilities


You were on level 2 of the Dungeon.
You were not hungry.

You visited 1 branch of the dungeon, and saw 2 of its levels.

You collected 71 gold pieces.

Inventory:

Hand Weapons
 a - a +1 shortbow (weapon)
 b - a +0 short sword
Missiles
 e - 6 boomerangs (quivered)
Armour
 c - a +0 leather armour (worn)
Scrolls
 h - a scroll of teleportation {unknown}
Potions
 g - a potion of mutation
Comestibles
 f - 3 rations


   Skills:
 + Level 2.2 Fighting
 + Level 5.4 Bows
 + Level 0.2 Armour
 + Level 2.2 Dodging
 + Level 1.0 Stealth


You had 3 spell levels left.
You didn't know any spells.
Your spell library was empty.

Dungeon Overview and Level Annotations

Branches:
Dungeon (2/15)

Altars:


Innate Abilities, Weirdness & Mutations

You have supernaturally acute eyesight. (SInv)
You are agile. (Dex +2)


Message History

Press: ? - help, Shift-Dir - straight line, f/p - orc
Aim: an orc, wielding a +0 flail You shoot an arrow.
The arrow barely misses the orc.
The orc closely misses you.
Throwing (i - inventory)
e - 7 boomerangs (quivered)
Press: ? - help, Shift-Dir - straight line, f/p - orc
Aim: an orc, wielding a +0 flail You throw a boomerang.
The boomerang barely misses the orc.
The orc hits you with a cursed +0 flail.
* * * LOW HITPOINT WARNING * * *
Throwing (i - inventory)
e - 6 boomerangs (quivered)
Press: ? - help, Shift-Dir - straight line, f/p - orc
Aim: an orc, wielding a +0 flail You throw a boomerang.
The boomerang barely misses the orc.
The orc hits you with a cursed +0 flail.
* * * LOW HITPOINT WARNING * * *
It was a potion of might.
You feel very mighty all of a sudden.
The orc hits you with a cursed +0 flail.
You die...

..###.#.#.#.# ...#......#.#
.#...# #.###†#.###.# ...... ... #
#...†.[# .#### #....#####.## #
#.#.#†###.... ....... ....
#...###...#..# #.##..####...
#.###.###.#..# #.##....##...
#...........#########.##....##...
#......>........@o[(...(.........
.......##.##.########.##.........
#.##+#.##.# .# #####+##.........
# #.#.##.# # #...............#
#.##.#.##.# #...............#
#.........# #......†.....#+##
####.#.#### #............#.# #
#.#... #####.##.......# #
#.####### ###### #.##.......##


You could see an orc.

Vanquished Creatures
  An orc wizard (D:2)
  An ooze (D:1)
  A dart slug (D:1)
  2 leopard geckos (D:2)
  2 orcs (D:2)
  2 bats
  3 giant cockroaches (D:2)
  4 goblins
  2 hobgoblins (D:1)
  2 jackals (D:1)
  2 quokkas (D:2)
  2 ball pythons (D:1)
  2 frilled lizards (D:2)
  8 kobolds
  4 rats
38 creatures vanquished.

Notes
Turn   | Place    | Note
-------+----------+-------------------------------------------
     0 | D:1      | Alfie the Human Hunter began the quest for the Orb.
     0 | D:1      | Reached XP level 1. HP: 16/16 MP: 1/1
    65 | D:1      | Reached XP level 2. HP: 22/22 MP: 2/2
   213 | D:1      | Reached XP level 3. HP: 27/27 MP: 3/3
   540 | D:2      | Reached skill level 5 in Bows
   819 | D:2      | Reached XP level 4. HP: 15/33 MP: 4/4
   821 | D:2      | Gained mutation: You are agile. (Dex +2) [potion of
                  | mutation]
   821 | D:2      | Gained mutation: You have supernaturally acute eyesight.
                  | (SInv) [potion of mutation]
   828 | D:2      | HP: 1/33 [orc/cursed +0 flail (5)]
   829 | D:2      | Slain by an orc

Levels and vault maps discovered:
D:1:      ncdulo_smallfort, layout_rooms, serial_bayou_lagoon_b
D:2:      layout_basic, lemuel_crystal_altar, minitemple,
          minmay_indecisive_spiral

Skill      XL: |  1  2  3 |
---------------+----------+-----
Bows           | 5 |  5.4
Fighting       | |  2.2
Armour         | |  0.2
Dodging        | |  2.2
Stealth        | |  1.0

Action                   |  1- 3 |  4- 6 || total
-------------------------+-------+-------++-------
Melee: Short sword       |    10 |       ||    10
 Fire: Shortbow          |    79 |     4 ||    83
Throw: Boomerang         |       |     2 ||     2
  Use: Potion            |       |     4 ||     4
Armor: Leather armour    |     8 |     1 ||     9
Dodge: Dodged            |    21 |     3 ||    24

Table legend:
 A = Non-vault XP
 B = Vault XP
 C = Vault XP percentage of total XP
 D = Non-vault monster count
 E = Vault monster count
 F = Vault count percentage of total count
                 A         B        C        D         E       F
            +---------+---------+-------+---------+---------+-------
      Total |     106 |       6 |   5.4 |      34 |       4 |  10.5
            +---------+---------+-------+---------+---------+-------
        D:1 |      39 |       0 |   0.0 |      21 |       0 |   0.0
        D:2 |      67 |       6 |   8.2 |      13 |       4 |  23.5
            +---------+---------+-------+---------+---------+-------
